 Dungeon Crawl Stone Soup version 0.27-a0-550-ge92ec0ca06 (webtiles) character file.

Game seed: 16411515840406984491

128 rednaxela the Magician (level 4, -1/24 HPs)
             Began as a Deep Elf Fire Elementalist on Mar 7, 2021.
             Killed from afar by an orc wizard (4 damage)
             ... with a magic dart
             ... on level 3 of the Dungeon.
             The game lasted 00:04:47 (2246 turns).

rednaxela the Magician (Deep Elf Fire Elementalist) Turns: 2246, Time: 00:04:47

Health: -1/24      AC:  4    Str:  3 (5)  XL:     4   Next: 86%
Magic:  12/12      EV: 29    Int: 18 (21) God:
Gold:   82         SH:  0    Dex: 13 (15) Spells: 10/11 levels left

rFire    . . .     SeeInvis .   (no weapon)
rCold    . . .     Faith    .   (no shield)
rNeg     . . .     Spirit   .   a - +0 robe
rPois    +         Reflect  .   (no helmet)
rElec    .         Harm     .   g - +1 cloak
rCorr    .         Rampage  .   (no gloves)
Will     .....                  (no boots)
Stlth    +.........             m - amulet of the acrobat
HPRegen  0.08/turn              l - ring of wizardry
MPRegen  0.13/turn              (no ring)

@: confused, acrobatic
A: repulsion field 1, poison resistance
a: no special abilities


You were on level 3 of the Dungeon.
You visited 1 branch of the dungeon, and saw 3 of its levels.

You collected 82 gold pieces.

Inventory:

Armour
 a - a +0 robe (worn)
 g - a +1 cloak (worn)
   (You found it on level 1 of the Dungeon)
 i - a +0 pair of boots
   (You found it on level 2 of the Dungeon)
Jewellery
 l - a ring of wizardry (left hand)
   (You found it on level 2 of the Dungeon)
 m - an amulet of the acrobat (around neck)
   (You found it on level 2 of the Dungeon)
Scrolls
 b - a scroll of enchant weapon
 d - a scroll of identify {@r1}


   Skills:
 - Level 2.4 Dodging
 - Level 2.4 Stealth
 + Level 4.1 Spellcasting
 + Level 4.0 Conjurations
 + Level 4.0 Fire Magic


You had 10 spell levels left.
You knew the following spells:

 Your Spells              Type           Power      Damage    Failure   Level
a - Foxfire               Conj/Fire      72%        2x1d7     1%          1

Your spell library contained the following spells:

 Spells                   Type           Power      Damage    Failure   Level
 Conjure Flame            Conj/Fire      18%        6-21      3%          3
 Inner Flame              Hex/Fire       11%        N/A       8%          3
 Sticky Flame             Conj/Fire      18%        2d4       11%         4
 Fireball                 Conj/Fire      9%         3d6       28%         5


Dungeon Overview and Level Annotations

Branches:
Dungeon (3/15)

Altars:
Hepliaklqana
Uskayaw
Wu Jian
Yredelemnul
Zin


Innate Abilities, Weirdness & Mutations

You are surrounded by a mild repulsion field. (EV +2)
Your system is resistant to poisons. (rPois)


Message History

You feel weakened.
You feel dopey.
You feel clumsy.
The orc wizard hits you with a +1 dagger of venom.
It was a potion of attraction.
You feel attractive to monsters.
You feel sick.
The orc wizard gestures at itself while chanting.
The orc wizard flickers and vanishes!
Deactivating autopickup; reactivate with Ctrl-A.
It was a potion of curing.
You feel better.
You hear some strange, mumbled words.
You are confused.
You bump into the rock wall.
You hear some strange, mumbled words.
You are more confused.
The dart slug is pulled toward you! The dart slug launches a dart at you.
The slug dart hits something.
The dart slug is pulled toward you!
You bump into the rock wall.
Something barely misses you.
You bump into the rock wall.
Something hits you. The dart slug launches a dart at you.
The slug dart hits something.
Unknown command.
You bump into the rock wall.
You hear some strange, mumbled words.
A magic dart appears from out of thin air!
The magic dart hits you. The dart slug is pulled toward you!
You are too confused!
Unknown command.
You bump into the rock wall.
You feel less confused. Something hits you.
* * * LOW HITPOINT WARNING * * *
As you read the scroll labelled ORHAINT IPHYSE, it crumbles to dust.
It is a scroll of identify.
b - a scroll of enchant weapon Something hits you.
* * * LOW HITPOINT WARNING * * *
You are poisoned.
As you read the scroll labelled OLIOKU HYKHLO, it crumbles to dust.
You experience a momentary feeling of inescapable doom!
It was a scroll of random uselessness.
You feel sick. Something hits you.
* * * LOW HITPOINT WARNING * * *
As you read the scroll labelled EMNYIK PEUPHU, it crumbles to dust.
It is a scroll of enchant armour.
Your +0 cloak glows green for a moment.
You feel sick. Something hits you but does no damage.
As you read the scroll labelled UDGHUT UMAOMNA, it crumbles to dust.
The scroll dissolves into smoke.
It was a scroll of fog.
You feel sick. Something completely misses you.
The dart slug launches a dart at you.
The slug dart hits something.
You feel sick.
You feel sick.
You aren't carrying any potions.
Unknown command.
You feel sick.
You hear some strange, mumbled words.
Something tries to affect you, but you resist.
Something is pulled toward you! The dart slug is pulled toward you!
An orc wizard appears from thin air!
Reactivating autopickup.
The dart slug is pulled toward you!
You feel sick. The dart slug is pulled toward you!
Things that are here:
5 stones; a kobold corpse The dart slug is pulled toward you!
You feel sick. The orc wizard casts a spell at you.
You resist with some effort. The orc wizard is pulled toward you!
The dart slug is pulled toward you!
You feel less attractive to monsters.
You feel sick.
The orc wizard gestures at you while chanting.
You are confused.
The orc wizard casts a spell at you. You resist with some effort.
Unknown command.
You aren't carrying any potions.
Unknown command.
You are too confused!
Unknown command.
There are monsters nearby!
You bump into the rock wall.
You feel sick. The orc wizard casts a spell at you.
The puff of flame misses you.
You closely miss the orc wizard.
The orc wizard is heavily wounded.
The orc wizard closely misses you.
Unknown command.
You bump into the rock wall.
The orc wizard casts a spell at itself.
The orc wizard flickers and vanishes!
Deactivating autopickup; reactivate with Ctrl-A.
You feel sick.
You are no longer poisoned.
A magic dart appears from out of thin air!
The magic dart hits you.
You die...

##.#.# ##....## #.
.#.#.# ##.#.#####.
#..#.# #.#.......
##§.§#####
#.########
§........# #.#
§#§#####(# #.# §§§#
#.# #.# §§§#
#.###############.#
##.#
#.....w{.@........#
#.#
###################
..# ##


You could see a dart slug.

Vanquished Creatures
  An orc wizard (D:3)
  4 adders (D:2)
  A worm (D:2)
  2 dart slugs
  3 leopard geckos
  2 orcs (D:3)
  4 bats
  3 giant cockroaches
  5 goblins
  5 hobgoblins
  A ball python (D:2)
  4 frilled lizards
  7 kobolds
  6 rats
48 creatures vanquished.

Vanquished Creatures (others)
  An orc wizard (D:3)
  172 foxfires
173 creatures vanquished.

Grand Total: 221 creatures vanquished

Notes
Turn   | Place    | Note
-------+----------+-------------------------------------------
     0 | D:1      | rednaxela the Deep Elf Fire Elementalist began the quest
                  | for the Orb.
     0 | D:1      | Reached XP level 1. HP: 10/10 MP: 6/6
   198 | D:1      | Reached skill level 2 in Conjurations
   276 | D:1      | Reached XP level 2. HP: 15/15 MP: 6/8
   815 | D:1      | Reached skill level 3 in Conjurations
  1020 | D:2      | Reached XP level 3. HP: 19/19 MP: 5/9
  1536 | D:2      | Reached XP level 4. HP: 24/24 MP: 8/11
  1570 | D:2      | Found a hide-covered altar of Uskayaw.
  1572 | D:2      | Found a basalt altar of Yredelemnul.
  1939 | D:2      | Found a hazy altar of Hepliaklqana.
  1940 | D:2      | Found an ornate altar of the Wu Jian Council.
  1940 | D:2      | Found a glowing silver altar of Zin.
  2192 | D:3      | Reached skill level 4 in Spellcasting
  2192 | D:3      | Reached skill level 4 in Fire Magic
  2198 | D:3      | Reached skill level 4 in Conjurations
  2204 | D:3      | Gained mutation: You are surrounded by a mild repulsion
                  | field. (EV +2) [potion of mutation]
  2204 | D:3      | Gained mutation: Your system is resistant to poisons.
                  | (rPois) [potion of mutation]
  2246 | D:3      | Killed from afar by an orc wizard

Illustrated notes

Levels and vault maps discovered:
D:1:      grunt_arrival_lava_bath, layout_loops_ring
D:2:      layout_rooms, minitemple
D:3:      layout_loops_ring, uniq_jessica

Skill      XL: |  1  2  3  4 |
---------------+-------------+-----
Conjurations   | 2 3 4 |  4.0
Spellcasting   | 4 |  4.1
Fire Magic     | 4 |  4.0
Dodging        | |  2.4
Stealth        | |  2.4

Action                   |  1- 3 |  4- 6 || total
-------------------------+-------+-------++-------
Melee: Unarmed           |       |     1 ||     1
 Cast: Foxfire           |    74 |    30 ||   104
  Use: Potion            |       |     5 ||     5
       Scroll            |       |     4 ||     4
Armor: Robe              |     3 |     2 ||     5
Dodge: Dodged            |    12 |     9 ||    21

Table legend: (Time is in decaauts)
 A = Elapsed time spent in this place.
 B = Non-inter-level travel time spent in this place.
 C = Inter-level travel time spent in this place.
 D = Time resting spent in this place.
 E = Time spent auto-exploring this place.
 F = Levels seen in this place.
 G = Mean time per level.
                   A        B        C        D        E       F      G
               +--------+--------+--------+--------+--------+-----+--------+
         Total |   2245 |   2193 |     52 |      0 |   1820 |   3 |  748.3 |
       Dungeon |   2245 |   2193 |     52 |      0 |   1820 |   3 |  748.3 |
               +--------+--------+--------+--------+--------+-----+--------+

Top non-repeatable levels by time:
     D:1: 1013 daAuts
     D:2: 980 daAuts
     D:3: 251 daAuts
